 Dungeon Crawl Stone Soup version 0.19.1 (console) character file.

10582 Kloppie the Basher (level 11, -12/126 (127) HPs)
             Began as a Demonspawn Berserker on Nov 24, 2016.
             Was a High Priest of Trog.
             Killed from afar by a frost giant (47 damage)
             ... with a bolt of cold
             ... on level 9 of the Dungeon.
             The game lasted 00:14:45 (9109 turns).

Kloppie the Basher (Demonspawn Berserker)           Turns: 9109, Time: 00:14:46

HP:   -12/126 (127) AC: 22    Str: 23    XL:     11   Next: 38%
MP:   11/11         EV:  8    Int:  8    God:    Trog [*****.]
Gold: 593           SH:  0    Dex: 16    Spells: 0 memorised, 10 levels left

rFire  + . .     SeeInvis .     a - +1 flail
rCold  . . .     Gourm    .     i - +0 plate armour
rNeg   . . .     Faith    .     (no shield)
rPois  .         Spirit   .     k - +0 helmet
rElec  .         Reflect  .     t - +2 cloak
rCorr  +         Harm     .     (no gloves)
MR     .....                    e - +0 pair of boots
Stlth  ..........               (no amulet)
                                u - ring of protection from fire
                                w - ring of resist corrosion

@: berserking (expiring), very quick
A: claws 1, talons 1, icy blue scales 2, powered by death 3
a: Berserk, Trog's Hand, Brothers in Arms, Burn Spellbooks, Renounce Religion


You were on level 9 of the Dungeon.
You worshipped Trog.
Trog was extremely pleased with you.
You were hungry.

You visited 1 branch of the dungeon, and saw 9 of its levels.
You also visited: Sewer.

You collected 593 gold pieces.

Inventory:

Hand Weapons
 a - a +1 flail (weapon)
 y - a +3 antimagic dire flail
Armour
 e - a +0 pair of boots (worn)
 i - a +0 plate armour (worn)
 k - a +0 helmet (worn)
 t - a +2 cloak (worn)
Jewellery
 u - a ring of protection from fire (right claw)
 w - a ring of resist corrosion (left claw)
 x - an uncursed ring of positive energy
 H - an uncursed ring of protection from cold {unknown}
Wands
 o - a wand of iceblast (8/15)
 v - a wand of confusion (48/48)
 D - a wand of iceblast (7/15)
Scrolls
 b - 3 scrolls of remove curse
 d - 4 scrolls of teleportation
 g - a scroll of enchant weapon
 l - 3 scrolls of recharging
 q - 5 scrolls of enchant armour
 B - a scroll of fear
 F - 3 scrolls of magic mapping
Potions
 h - 2 potions of magic
 j - a potion of invisibility
 n - 6 potions of curing
 r - 2 potions of flight
 s - a potion of resistance
 A - a potion of ambrosia
 C - a potion of agility
 G - a potion of mutation {unknown}
Comestibles
 c - 13 bread rations
 f - 6 meat rations
 m - 8 beef jerkies
 p - a royal jelly
 z - a slice of pizza
 E - 10 chunks of flesh


   Skills:
 - Level 7.7 Fighting
 * Level 13.4 Maces & Flails
 + Level 7.3 Armour
 - Level 1.7 Dodging


You had 10 spell levels left.
You didn't know any spells.

Dungeon Overview and Level Annotations

Branches:
Dungeon (9/15)             Temple (0/1) D:6
   Lair: D:8-11         Orc: D:9-12

Altars:
Dithmenos
Fedhas
Hepliaklqana
Ru
Uskayaw
Xom

Shops:
D:9 (


Innate Abilities, Weirdness & Mutations

You have sharp toenails.
You are mostly covered in icy blue scales. (AC +3)
You regenerate a lot of health from kills.
You have sharp fingernails.


Message History

You sock the frost giant!
The frost giant is moderately wounded.
The frost giant points at you and mumbles some strange words.
The bolt of cold hits you!
You bludgeon the frost giant!!
The frost giant is severely wounded.
You hit the frost giant.
The frost giant is severely wounded.
The frost giant hits you with a battleaxe of freezing!!
* * * LOW HITPOINT WARNING * * *
The frost giant freezes you!
* * * LOW HITPOINT WARNING * * *
You are too injured to fight recklessly!
You hit the frost giant.
The frost giant is severely wounded.
You hit the frost giant.
The frost giant is severely wounded.
The frost giant gestures at you while chanting.
The bolt of cold hits you!
You die...

#####'## #...### #.#
###.##########
##.######.....(......#
###.....<.....(........#
#....#.................#
##.##.#....######.).....#
...##.#)(..#⌠...##....∩.#
#####(((8'8#.._..#).....#
#(((.#.######@#))....#
#(##.#..'....C#......#
##(##.#..'.....#.######
#>.##.#.######.#.#
#.###.8'8# ..#.# #.#
#....# .##.#
###.###....######..######
......#..............>..#
###.#.#.#######...).....#


You could see a frost giant.

Vanquished Creatures
  Gastronok (D:8)
  A fire dragon (D:9)
  A cyclops (D:9)
  An ugly thing (D:9)
  2 trolls (D:9)
  2 hippogriffs
  Sigmund (D:5)
  10 yaks
  A hungry ghost (D:9)
  A water moccasin (D:8)
  4 orc warriors
  An ice beast (D:5)
  2 phantoms
  A necrophage (D:5)
  2 sky beasts
  7 ogres
  6 centaurs
  A big kobold (D:8)
  A crocodile (D:7)
  5 bullfrogs
  A wyvern zombie (D:7)
  A scorpion (D:5)
  10 killer bees (D:9)
  5 wights (D:8)
  2 howler monkeys
  The ghost of Vesto the Stinger, a weakling OpVM (D:3)
  3 crimson imps
  7 hounds
  5 orc priests
  3 bullfrog skeletons
  Crazy Yiuf (D:7)
  10 orc wizards
  A centaur skeleton (D:7)
  6 iguanas
  6 worker ants
  2 worker ant zombies
  2 howler monkey skeletons (D:9)
  13 gnolls
  A river rat (D:4)
  8 adders
  3 shadow imps
  An ooze (D:1)
  An adder skeleton (D:5)
  An adder zombie (D:9)
  2 worms
  2 dart slugs
  11 leopard geckos
  54 orcs
  7 ball pythons
  10 giant cockroaches
  3 goblins
  4 hobgoblins
  3 jackals (D:3)
  13 kobolds
  6 quokkas
  9 bats
  6 frilled lizards
  A leopard gecko skeleton (D:4)
  2 leopard gecko zombies
  2 quokka skeletons
  A quokka zombie (D:5)
  10 rats
291 creatures vanquished.

Notes
Turn   | Place    | Note
-------+----------+-------------------------------------------
     0 | D:1      | Kloppie the Demonspawn Berserker began the quest for the Orb.
     0 | D:1      | Reached XP level 1. HP: 18/18 MP: 1/1
   334 | D:1      | Reached skill level 3 in Maces & Flails
   334 | D:1      | Gained mutation: You regenerate a little health from kills. [demonic ancestry]
   334 | D:1      | Reached XP level 2. HP: 24/24 MP: 2/2
  1191 | D:2      | Gained mutation: You have sharp toenails. [demonic ancestry]
  1191 | D:2      | Reached XP level 3. HP: 29/29 MP: 3/3
  1218 | D:2      | Reached ** piety under Trog
  2053 | D:3      | Found a shadowy altar of Dithmenos.
  2087 | D:3      | Noticed Vesto's ghost (weakling OpVM)
  2091 | D:3      | Killed Vesto's ghost
  2091 | D:3      | Reached skill level 4 in Maces & Flails
  2091 | D:3      | Reached XP level 4. HP: 37/37 MP: 4/4
  2191 | D:3      | Noticed a centaur
  2203 | D:3      | Killed a centaur
  2203 | D:3      | Reached XP level 5. HP: 32/42 MP: 5/5
  2387 | D:3      | You fall through a shaft for 2 floors!
  2387 | D:5      | Entered Level 5 of the Dungeon
  2441 | D:5      | Found a shimmering altar of Xom.
  2471 | D:5      | Reached skill level 5 in Maces & Flails
  2472 | D:5      | Noticed a necrophage
  2484 | D:5      | Killed a necrophage
  2484 | D:5      | Gained mutation: You regenerate health from kills. [demonic ancestry]
  2484 | D:5      | Reached XP level 6. HP: 28/48 MP: 6/6
  3147 | D:5      | Reached skill level 5 in Fighting
  3154 | D:5      | Reached skill level 6 in Maces & Flails
  3202 | D:5      | Gained mutation: You are partially covered in icy blue scales. (AC +2) [demonic ancestry]
  3202 | D:5      | Reached XP level 7. HP: 46/55 MP: 7/7
  3530 | D:5      | Reached *** piety under Trog
  3547 | D:5      | Noticed Sigmund
  3554 | D:5      | Killed Sigmund
  3556 | D:5      | Reached skill level 7 in Maces & Flails
  3764 | D:5      | Gained mutation: You regenerate a lot of health from kills. [demonic ancestry]
  3764 | D:5      | Reached XP level 8. HP: 35/63 MP: 8/8
  4008 | D:4      | Found a blossoming altar of Fedhas.
  4205 | D:4      | Reached skill level 8 in Maces & Flails
  4331 | D:4      | Found a glowing drain.
  4349 | Sewer    | Entered a sewer
  4551 | Sewer    | Reached **** piety under Trog
  4881 | D:4      | Received a gift from Trog
  5335 | D:3      | Found a sacrificial altar of Ru.
  5335 | D:3      | Found a hide-covered altar of Uskayaw.
  5653 | D:5      | Gained mutation: You have sharp fingernails. [potion of beneficial mutation]
  5749 | D:5      | Reached skill level 9 in Maces & Flails
  5865 | D:6      | Found a staircase to the Ecumenical Temple.
  5953 | D:6      | Reached XP level 9. HP: 63/71 MP: 9/9
  5988 | D:6      | Found a shadowy altar of Dithmenos.
  6449 | D:7      | Found a runed door.
  6453 | D:7      | Noticed Crazy Yiuf
  6457 | D:7      | Killed Crazy Yiuf
  6737 | D:7      | Found a hazy altar of Hepliaklqana.
  6770 | D:7      | Reached skill level 10 in Maces & Flails
  6994 | D:7      | Reached skill level 11 in Maces & Flails
  7103 | D:8      | Reached ***** piety under Trog
  7103 | D:8      | Reached XP level 10. HP: 73/79 MP: 10/10
  7558 | D:8      | Noticed Gastronok
  7575 | D:8      | Killed Gastronok
  7575 | D:8      | Reached skill level 12 in Maces & Flails
  7575 | D:8      | Reached skill level 5 in Armour
  8067 | D:9      | Noticed a cyclops
  8072 | D:9      | Found a large runed door.
  8072 | D:9      | Found a large runed door.
  8080 | D:9      | Killed a cyclops
  8286 | D:9      | Found Quhu's Antique Weapon Boutique.
  8434 | D:9      | Gained mutation: You are mostly covered in icy blue scales. (AC +3) [demonic ancestry]
  8434 | D:9      | Reached XP level 11. HP: 71/84 MP: 11/11
  8448 | D:9      | Noticed a purple ugly thing
  8462 | D:9      | Killed a purple ugly thing
  8597 | D:9      | Received a gift from Trog
  8599 | D:9      | Reached skill level 13 in Maces & Flails
  9091 | D:9      | Found a shadowy altar of Dithmenos.
  9091 | D:9      | Noticed a fire dragon
  9098 | D:9      | Noticed a frost giant
  9100 | D:9      | Killed a fire dragon
  9109 | D:9      | Killed from afar by a frost giant

Skill      XL: |  1  2  3  4  5  6  7  8  9 10 11 |
---------------+----------------------------------+-----
Maces & Flails | 3 4 5 6 7 9 11 12 13 | 13.4
Fighting       | 4 5 6 7 |  7.7
Armour         | 4 6 7 |  7.3
Dodging        | |  1.7

Action                   |  1- 3 |  4- 6 |  7- 9 | 10-12 || total
-------------------------+-------+-------+-------+-------++-------
Melee: Mace              |   143 |   101 |   294 |       ||   538
       Kick              |    14 |    26 |   131 |       ||   171
       Flail             |       |       |   270 |   497 ||   767
Invok: Berserk           |     2 |     5 |    10 |     8 ||    25
       Trog's Hand       |       |     1 |       |     1 ||     2
  Use: Scroll            |       |       |    16 |     3 ||    19
       Potion            |       |       |     1 |       ||     1
  Eat: Chunk             |     5 |     9 |    21 |    16 ||    51
       Royal jelly       |       |       |     1 |       ||     1
Armor: Plate armour      |   104 |    76 |   389 |   405 ||   974
       Animal skin       |     2 |       |       |       ||     2
Dodge: Dodged            |    52 |    36 |   191 |   150 ||   429
